 Dungeon Crawl Stone Soup version 0.23.2-1-ga50397a (webtiles) character file.

Game seed: 7563248038124440841

50 IBeShadow the Gusty (level 3, -3/30 HPs)
             Began as a Tengu Air Elementalist on May 15, 2019.
             Slain by a worm (5 damage)
             ... on level 2 of the Dungeon.
             The game lasted 00:03:00 (2240 turns).

IBeShadow the Gusty (Tengu Air Elementalist)        Turns: 2240, Time: 00:03:00

Health: -3/30      AC: 21    Str:  6 (9)  XL:     3   Next: 79%
Magic:  1/7        EV:  2    Int: 14 (15) God:
Gold:   36         SH:  0    Dex: 13 (14) Spells: 6/7 levels left

rFire    . . .     SeeInvis .   e - +0 dagger
rCold    . . .     Gourm    .   (no shield)
rNeg     + + +     Faith    .   (armour currently unavailable)
rPois    +         Spirit   .   (helmet currently unavailable)
rElec    .         Reflect  .   (cloak currently unavailable)
rCorr    .         Harm     .   (gloves currently unavailable)
MR       .....     NoTele   +   (boots unavailable)
Stlth    ++........             (no amulet)
HPRegen  0.10/turn              (no ring)
MPRegen  0.10/turn              (no ring)

@: tree-form, very slightly contaminated, hasted, very quick
A: no striking features
a: no special abilities


You were on level 2 of the Dungeon.
You were not hungry.
You were a tree.
You visited 1 branch of the dungeon, and saw 2 of its levels.

You collected 36 gold pieces.

Inventory:

Hand Weapons
 e - a +0 dagger (weapon)
Armour
 a - a +0 robe (melded)
 j - a +0 pair of gloves of dexterity (melded)
Scrolls
 b - 4 scrolls of identify {unknown}
 d - a scroll of blinking {unknown}
 h - a scroll of remove curse {unknown}
 k - 2 scrolls of fear {unknown}
Potions
 l - a potion of curing {unknown}
 n - a potion of cancellation {unknown}
Comestibles
 c - 6 rations
 m - 4 chunks of flesh


   Skills:
 + Level 1.4 Fighting
 - Level 2.1 Dodging
 - Level 2.0 Stealth
 + Level 2.5 Spellcasting
 + Level 2.4 Conjurations
 + Level 4.6 Air Magic


You had 6 spell levels left.
You knew the following spells:

 Your Spells              Type           Power        Failure   Level  Hunger
a - Shock                 Conj/Air       ##..         5%          1    #......

Your spell library contained the following spells:

 Spells                   Type           Power        Failure   Level  Hunger
 Swiftness                Chrm/Air       #.......     13%         2    ###....
 Static Discharge         Conj/Air       ##......     16%         3    ###....
 Airstrike                Air            ##........   32%         4    #####..
 Lightning Bolt           Conj/Air       ##........   82%         5    ######.


Dungeon Overview and Level Annotations

Branches:
Dungeon (2/15)

Altars:

Annotations:
D:2 Sigmund


Innate Abilities, Weirdness & Mutations

((You have a beak for a mouth.))
((You have claws for feet.))


Message History

* * * LOW HITPOINT WARNING * * *
Unknown command.
It was a potion of lignification.
You turn into a tree.
Your +0 pair of gloves of dexterity melds into your body.
Your +0 robe melds into your body.
You feel clumsy.
Your roots penetrate the ground.
Unknown command.
You hit the worm.
The worm is heavily wounded.
Something hits you but does no damage. The worm bites you but does no damage.
You hit the worm.
The worm is heavily wounded.
Something hits you but does no damage.
You hit the worm but do no damage.
The worm is heavily wounded.
The worm bites you but does no damage.
It was a potion of haste.
You feel yourself speed up. Something hits you but does no damage.
The worm bites you.
You die...

..# ###.........# ##..#......
.######........)÷.#####..##......
........#..................[.....
.......##..........########.....)
.......###...#..........###).....
.......# #.#...##.#####....#####.
.......##..#.####.# ####.# #..
##.####......####.# #.# ##.# #.#
.#.#####.♣.# #.###... #.# ## #
##w### #.##.÷.. #.# ###..######
###.....## ..>
#...###...###.......# ...
#..##................#
#.###.........÷.#....#
...............########
................#
##.##..........###


You could see a worm.

Vanquished Creatures
  An adder (D:2)
  A worm (D:2)
  2 dart slugs (D:1)
  A leopard gecko (D:1)
  2 giant cockroaches
  4 goblins (D:1)
  3 hobgoblins
  4 jackals (D:2)
  3 bats (D:1)
  3 frilled lizards
  4 kobolds
  4 rats
32 creatures vanquished.

Notes
Turn   | Place    | Note
-------+----------+-------------------------------------------
     0 | D:1      | IBeShadow the Tengu Air Elementalist began the quest for
                  | the Orb.
     0 | D:1      | Reached XP level 1. HP: 10/10 MP: 4/4
   497 | D:1      | Reached XP level 2. HP: 12/16 MP: 0/6
  1002 | D:1      | Reached skill level 1 in Fighting
  1512 | D:2      | Reached XP level 3. HP: 17/20 MP: 7/7
  2182 | D:2      | Noticed Sigmund
  2235 | D:2      | HP: 1/20 [worm (6)]
  2240 | D:2      | Slain by a worm

Skill      XL: |  1  2 |
---------------+-------+-----
Conjurations   | 2 |  2.4
Fighting       | 1 |  1.4
Dodging        | |  2.1
Stealth        | |  2.0
Spellcasting   | |  2.5
Air Magic      | |  4.6

Action                   || total
-------------------------++-------
Melee: Unarmed           ||    11
       Kick              ||    18
       Peck              ||    17
       Dagger            ||    70
 Cast: Shock             ||    25
  Use: Potion            ||     3
 Stab: Sleeping          ||     4
  Eat: Chunk             ||     4
Armor: Robe              ||    15
       Skin              ||     4
Dodge: Dodged            ||    61
